AoeStats
← hellleisure

Pilgrims

507420532Analyzed
4v4 RM · 13d ago on Sep 18, 2026· 36m 57s· 8 players
Game mode
Random Map
Map size
Large (8 player)
Population
200
Speed
Normal
Resources
Standard
Victory
Conquest
Starting age
Dark Age
Ending age
Imperial Age
RankedLock teamsTeams togetherTeam positionsShared explorationLock speedFull tech treeHidden civsTurbo modeCheats
Victory
Defeat
🇫🇷 Italians · France
1337
+13
🇲🇽 Jurchens · Mexico
1307
+15
🇦🇷 Spanish · Argentina
1283
+16
🇲🇽 Saracens · Mexico
1272
+16
🇨🇦 Vikings · Canada
1356
-19
🇨🇳 Poles · China
1283
-15
🇨🇳 Mongols · China
1272
-15
🇨🇳 Gurjaras · China
1187
-11
hellleisure
4:47 Loom
12:57 Feudal Age
18:42 Castle Age
16:30 Double-Bit Axe
16:27 Fishing Lines
19:33 Bloodlines
21:54 Scale Barding Armor
27:34 Gillnets
30:01 Medium Warships
29:46 Town Watch
33:53 Wheelbarrow
Amazon Shopping
10:25 Feudal Age
9:13 Loom
11:33 Fishing Lines
12:24 Double-Bit Axe
16:39 Horse Collar
17:51 Fletching
20:21 Castle Age
19:29 Gold Mining
21:36 Bow Saw
22:33 Heavy Plow
23:13 Medium Warships
27:31 Bodkin Arrow
27:51 Gillnets
28:17 Stone Mining
帝国小牛
4:57 Loom
12:30 Feudal Age
16:29 Castle Age
14:43 Double-Bit Axe
14:50 Gold Mining
15:28 Stone Mining
16:38 Fletching
17:50 Bodkin Arrow
17:56 Padded Archer Armor
20:50 Gold Shaft Mining
20:49 Bow Saw
30:12 Imperial Age
29:11 Leather Archer Armor
29:38 Stone Shaft Mining
28:52 Horse Collar
32:22 Caravan
32:42 Bracer
33:06 Ballistics
卫星点灯
13:24 Feudal Age
17:18 Castle Age
15:38 Double-Bit Axe
15:35 Fishing Lines
17:39 Wheelbarrow
17:19 Stone Mining
19:10 Bow Saw
19:49 Hand Cart
20:03 Horse Collar
20:57 Heavy Plow
27:44 Imperial Age
25:55 Scale Barding Armor
26:01 Forging
27:27 Szlachta Privileges
27:42 Bloodlines
27:33 Husbandry
28:24 Chain Barding Armor
28:39 Iron Casting
28:15 Gold Mining
28:00 Light Cavalry
29:25 Lechitic Legacy
29:26 Conscription
30:39 Crop Rotation
31:20 Blast Furnace
29:43 Winged Hussar
.|.
7:44 Loom
10:12 Feudal Age
10:45 Double-Bit Axe
12:48 Fletching
15:01 Wheelbarrow
20:39 Fishing Lines
26:23 Castle Age
27:42 Medium Warships
27:43 Bodkin Arrow
28:23 Town Watch
34:33 Clinker Construction
34:35 Careening
35:36 Ballistics
37:22 Gillnets
Nova_Wolf
4:27 Loom
11:06 Feudal Age
15:45 Castle Age
18:48 Squires
21:04 Wheelbarrow
20:36 Double-Bit Axe
21:30 Arson
21:58 Forging
21:48 Scale Mail Armor
22:26 Siege Engineers
23:16 Herbal Medicine
23:40 Horse Collar
23:51 Gold Mining
24:22 Gambesons
24:45 Herbal Medicine
27:18 Bow Saw
28:30 Gambesons
29:32 Iron Casting
29:16 Chain Mail Armor
30:19 Herbal Medicine
31:11 Gambesons
31:17 Gambesons
34:50 Imperial Age
32:39 Hand Cart
34:58 Heavy Rocket Cart
35:40 Capped Ram
36:10 Siege Ram
Lord_Wilfredo
7:21 Loom
12:59 Feudal Age
16:52 Castle Age
14:59 Fishing Lines
15:40 Double-Bit Axe
17:56 Bow Saw
19:13 Horse Collar
20:05 Heavy Plow
20:06 Gillnets
23:30 Padded Archer Armor
24:24 Town Watch
33:31 Imperial Age
31:41 Wheelbarrow
33:58 Hand Cart
33:59 Scale Barding Armor
34:10 Leather Archer Armor
34:13 Town Patrol
35:00 Conscription
35:14 Bloodlines
35:34 Elite Conquistador
37:45 Chemistry
38:01 Ring Archer Armor
37:35 Husbandry
Okhen
11:31 Feudal Age
13:58 Loom
17:37 Castle Age
18:16 Fletching
19:17 Bodkin Arrow
23:35 Padded Archer Armor
33:02 Imperial Age
34:27 Ballistics
36:27 Wheelbarrow
36:33 Bracer
Connection lost

Rejoining the realm…

Still unreachable

The connection could not be restored.

Session expired

The server has moved on; the page needs a fresh start.